 Dungeon Crawl Stone Soup version 0.25-a0-404-gc1b5a34292 (webtiles) character file.

Game seed: 14429943958389522460, levelgen mode: deterministic

18 Chiseanne the Magician (level 2, -1/20 HPs)
             Began as a Mummy Wanderer on Jan 12, 2020.
             Killed from afar by an orc wizard (9 damage)
             ... with a magic dart
             ... on level 2 of the Dungeon.
             The game lasted 00:02:05 (986 turns).

Chiseanne the Magician (Mummy Wanderer)              Turns: 986, Time: 00:02:05

Health: -1/20      AC:  2    Str: 15    XL:     2   Next: 48%
Magic:  8/8        EV: 12    Int: 12    God:
Gold:   48         SH:  0    Dex: 10    Spells: 10/12 levels left

rFire    x . .     SeeInvis .   a - +2 dagger
rCold    + . .     Gourm    .   (no shield)
rNeg     + + +     Faith    .   e - +0 robe
rPois    ∞         Spirit   .   (no helmet)
rElec    .         Reflect  .   (no cloak)
rCorr    .         Harm     .   (no gloves)
MR       .....                  (no boots)
Stlth    ++........             (no amulet)
HPRegen  0.06/turn              (no ring)
MPRegen  0.11/turn              (no ring)

@: no status effects
A: no food or potions, fire vulnerability, cold resistance 1, negative energy
resistance 3, torment resistance, unbreathing
a: no special abilities


You were on level 2 of the Dungeon.
You were not hungry.

You visited 1 branch of the dungeon, and saw 2 of its levels.

You collected 48 gold pieces.

Inventory:

Hand Weapons
 a - a +2 dagger (weapon)
Missiles
 f - 45 stones (quivered)
 h - 16 bolts
Armour
 e - a +0 robe (worn)
Jewellery
 d - an uncursed ring of flight {unknown}
Scrolls
 b - a scroll of blinking
 c - a scroll of teleportation
 g - a scroll of remove curse {unknown}
 i - 3 scrolls of identify {unknown}


   Skills:
 * Level 0.8 Fighting
 - Level 1.0 Throwing
 * Level 1.3 Dodging
 - Level 1.5 Stealth
 - Level 1.0 Unarmed Combat
 * Level 5.5 Spellcasting
 * Level 0.9 Necromancy
   Level 1.0 Air Magic


You had 10 spell levels left.
You knew the following spells:

 Your Spells              Type           Power        Failure   Level  Hunger
a - Animate Skeleton      Necr           N/A          13%         1    N/A
b - Sting                 Tmut/Pois      #...         19%         1    N/A

Your spell library contained the following spells:

 Spells                   Type           Power        Failure   Level  Hunger
 Vampiric Draining        Necr           #.........   36%         3    N/A
 Mephitic Cloud           Conj/Pois/Air  #.......     45%         3    N/A

Dungeon Overview and Level Annotations

Branches:
Dungeon (2/15)

Altars:


Innate Abilities, Weirdness & Mutations

You do not eat or drink.
Your flesh is vulnerable to fire.
You are immune to poison.
Your flesh is cold resistant. (rC+)
You are immune to negative energy. (rN+++)
You are immune to unholy pain and torment.
You can survive without breathing.


Message History

The bat hits you but does no damage. The bat misses you. The bat misses you.
The bat barely misses you.
The orc wizard mumbles some strange words.
The orc wizard seems to speed up.
The bat hits you but does no damage. The bat hits you but does no damage.
The bat hits you. The bat misses you. The bat misses you. The bat hits you.
The bat barely misses you. The bat hits you but does no damage.
The bat barely misses you. The bat barely misses you.
The bat hits you but does no damage. x2
The bat completely misses you. The bat barely misses you. The bat hits you.
The orc wizard mumbles some strange words.
The orc wizard blinks!
The bat closely misses you. The orc wizard casts a spell at you.
The magic dart hits you!
You die...

###o######
#........######
##.#o###.#....# #
#.#.##..##.#.#.#
#.#.##..!#...#.##.#
#.#.##..§.........#
#.#....#..o..##+###
#.########b.......#
#b@..<...#
#...#..[).#
#.#<......#
...#.#.#+###
#####.#.# ....#
###+.. #.


You could see an orc wizard and 2 bats.

Vanquished Creatures
  A leopard gecko (D:1)
  2 giant cockroaches (D:1)
  3 goblins
  3 hobgoblins (D:1)
  3 kobolds (D:1)
  3 rats (D:1)
15 creatures vanquished.

Vanquished Creatures (collateral kills)
  A kobold (D:1)
1 creature vanquished.

Vanquished Creatures (others)
  A rat (D:2)
1 creature vanquished.

Grand Total: 17 creatures vanquished

Notes
Turn   | Place    | Note
-------+----------+-------------------------------------------
     0 | D:1      | Chiseanne the Mummy Wanderer began the quest for the Orb.
     0 | D:1      | Chiseanne set off with the following items: a +2 dagger, a
                  | scroll of blinking, a +0 robe; and the following spells
                  | available to memorise: Animate Skeleton, Sting, Mephitic
                  | Cloud, Vampiric Draining
     0 | D:1      | Reached XP level 1. HP: 13/13 MP: 6/6
     2 | D:1      | Learned a level 1 spell: Animate Skeleton
     4 | D:1      | Learned a level 1 spell: Sting
   260 | D:1      | Reached XP level 2. HP: 20/20 MP: 8/8
   986 | D:2      | Killed from afar by an orc wizard

Levels and vault maps discovered:
D:1:      dpeg_arrival_castle, layout_loops_ring, corexii_corridor_pit
D:2:      layout_basic, nicolae_ru_great_annihilating_truth,
          overflow_temple_1_default

Action                   || total
-------------------------++-------
Melee: Dagger            ||    43
 Cast: Animate Skeleton  ||     5
  Use: Scroll            ||     1
 Stab: Sleeping          ||     2
Armor: Robe              ||    19
Dodge: Dodged            ||    59

Table legend:
 A = Non-vault XP
 B = Vault XP
 C = Vault XP percentage of total XP
 D = Non-vault monster count
 E = Vault monster count
 F = Vault count percentage of total count
                 A         B        C        D         E       F
            +---------+---------+-------+---------+---------+-------
      Total |      26 |       0 |   0.0 |      16 |       0 |   0.0
            +---------+---------+-------+---------+---------+-------
        D:1 |      24 |       0 |   0.0 |      15 |       0 |   0.0
        D:2 |       2 |       0 |   0.0 |       1 |       0 |   0.0
            +---------+---------+-------+---------+---------+-------
